 Dungeon Crawl Stone Soup version 0.17.0-23-g0de4337 (console) character file.

100 gw the Shooter (level 4, -7/38 HPs)
             Began as a Minotaur Hunter on Nov 14, 2015.
             Mangled by Sigmund
             ... wielding a +0 scythe
              (9 damage)
             ... on level 2 of the Dungeon.
             The game lasted 00:01:56 (1389 turns).

gw the Shooter (Minotaur Hunter)                    Turns: 1389, Time: 00:01:56

Health: -7/38      AC:  8    Str: 17    XL:     4   Next: 47%
Magic:  3/3        EV:  7    Int:  8    God:
Gold:   135        SH:  0    Dex: 11    Spells: 0 memorised, 3 levels left

rFire  . . .     SeeInvis .     a - +1 shortbow
rCold  + . .     Clarity  .     k - +0 chain mail
rNeg   . . .     SustAt   .     (shield currently unavailable)
rPois  .         Gourm    .     (helmet restricted)
rElec  .         Spirit   .     (no cloak)
rCorr  .         Warding  .     (no gloves)
rMut   .         Stasis   .     (no boots)
MR     .....                    (no amulet)
Stlth  ..........               (no ring)
                                f - ring of protection from cold

@: not resistant to hostile enchantments, extremely unstealthy
A: retaliatory headbutt, horns 2
a: no special abilities


You were on level 2 of the Dungeon.
You were hungry.

You visited 1 branch of the dungeon, and saw 2 of its levels.

You collected 135 gold pieces.

Inventory:

Hand Weapons
 a - a +1 shortbow (weapon)
 b - a +0 mace
Missiles
 m - 14 arrows of flame (quivered)
 o - 31 arrows
Armour
 k - a +0 chain mail (worn)
Jewellery
 f - a ring of protection from cold (left hand)
Wands
 c - a wand of fireball (0)
Scrolls
 h - 3 scrolls of recharging
 j - a scroll of fear {unknown}
Potions
 n - a potion of degeneration {unknown}
 p - a potion of ambrosia {unknown}
Comestibles
 d - a slice of pizza
 e - 2 bread rations
 g - 3 meat rations
 i - 7 fruits
 l - a beef jerky


   Skills:
 + Level 3.4 Fighting
 + Level 0.8 Maces & Flails
 * Level 5.4 Bows
 + Level 2.4 Armour
 - Level 2.1 Dodging
 - Level 0.7 Stealth


You had 3 spell levels left.
You didn't know any spells.

Dungeon Overview and Level Annotations

Branches:
Dungeon (2/15)

Altars:
Kikubaaqudgha

Annotations:
D:2 Sigmund


Innate Abilities, Weirdness & Mutations

You reflexively headbutt those who attack you in melee.
You have a pair of horns on your head.


Message History

Something hits you.
MOVING TO (0,-8)
Something hits you but does no damage.
MOVING TO (0,-7) MOVING TO (0,-6) MOVING TO (0,-5) MOVING TO (0,-4) Attempting RANGED ATTACK TO (0,5) SWAPPING TO RANGED: trying to make a normal ranged attack Wield which item (- for none, * to show all)? (? for menu, Esc to quit)
a - a +1 shortbow (weapon)
Attempting RANGED ATTACK TO (0,5) Firing (i - inventory. (,) - cycle):
m - 15 arrows of flame (quivered)
Press: ? - help, Shift-Dir - straight line, f/p - worm
Aim: a worm You shoot an arrow of flame.
The arrow of flame hits the worm.
The arrow of flame burns the worm.
The worm is lightly wounded.
Something hits you!
You die...

#...)%..........
########.##.##.########
#.........#..#.#
#.........##.#.#
>.........# .#.#
..........# .#.#
..........# .#.#
.#######.## .#.#
+....H#.# #####.#.#
#.#.# #.#.# #w#.# #(#.#
#.#.# #.######.#.#
#..(w....#.#


You could see a worm.

Table legend:
 A = Turns spent in this place as a percentage of turns spent in the entire game.
 B = Non-inter-level travel turns spent in this place as a percentage of non-inter-level travel turns spent in the entire game.
 C = Inter-level travel turns spent in this place as a percentage of turns spent in this place.
 D = Turns resting spent in this place as a percentage of non-inter-level travel turns spent in this place.
 E = Turns spent auto-exploring this place as a percentage of non-inter-level travel turns spent in this place.
 F = Non-inter-level travel turns spent in this place divided by the number of levels of this place that you've seen.
                   A       B       C       D       E      F
               +-------+-------+-------+-------+-------+----------------------
         Total | 100.0 | 100.0 |   0.1 |   0.6 |   2.3 | 1372.5
       Dungeon | 100.0 | 100.0 |   0.1 |   0.6 |   2.3 | 1372.5
               +-------+-------+-------+-------+-------+----------------------

Table legend:
 A = Kills in this place as a percentage of kills in entire the game.
 B = Kills by you in this place as a percentage of kills by you in the entire game.
 C = Kills by friends in this place as a percentage of kills by friends in the entire game.
 D = Other kills in this place as a percentage of other kills in the entire game.
 E = Experience gained in this place as a percentage of experience gained in the entire game.
 F = Experience gained in this place divided by the number of levels of this place that you have seen.
                   A       B       C       D       E      F
               +-------+-------+-------+-------+-------+----------------------
         Total | 100.0 | 100.0 |  -nan |  -nan | 100.0 |  72.0
       Dungeon | 100.0 | 100.0 |  -nan |  -nan | 100.0 |  72.0
               +-------+-------+-------+-------+-------+----------------------

Vanquished Creatures
  Ijyb (D:2)
  3 adders (D:2)
  2 worms (D:2)
  2 giant geckos
  A ball python (D:2)
  3 bats
  4 goblins
  3 hobgoblins (D:1)
  3 jackals (D:1)
  4 giant cockroaches
  6 giant newts
  4 kobolds
  3 rats (D:1)
39 creatures vanquished.

Notes
Turn   | Place    | Note
--------------------------------------------------------------
     0 | D:1      | gw the Minotaur Hunter began the quest for the Orb.
     0 | D:1      | Reached XP level 1. HP: 18/18 MP: 0/0
   123 | D:1      | Reached skill level 1 in Armour
   130 | D:1      | Reached XP level 2. HP: 25/25 MP: 1/1
   726 | D:2      | Found an ancient bone altar of Kikubaaqudgha.
   814 | D:2      | Reached skill level 5 in Bows
   838 | D:2      | Reached XP level 3. HP: 30/30 MP: 2/2
  1201 | D:2      | Reached XP level 4. HP: 33/38 MP: 3/3
  1323 | D:2      | Noticed Ijyb
  1344 | D:2      | Killed Ijyb
  1352 | D:2      | Noticed Sigmund
  1389 | D:2      | Mangled by Sigmund

Action                   |  1- 3 |  4- 6 || total
-------------------------+-------+-------++-------
Melee: Short sword       |    50 |       ||    50
       Mace              |    14 |    23 ||    37
 Fire: Shortbow          |    55 |     7 ||    62
Evoke: Wand              |       |     1 ||     1
  Use: Scroll            |     3 |       ||     3
       Potion            |     2 |       ||     2
  Eat: Chunk             |     1 |       ||     1

Vault maps used:
D:1:      sevenhm_arrival_forest_fort_large_2
D:2:      old_standard_altar, uniq_sigmund, uniq_natasha, uniq_iyjb
